 Dungeon Crawl Stone Soup version 0.23.2-1-ga50397a (webtiles) character file.

Game seed: 3587853870865725403

2551 SedStubbie the Fighter (level 9, -1/75 HPs)
             Began as a Mummy Wanderer on May 1, 2019.
             Was an Initiate of Gozag.
             Slain by an orc warrior
             ... wielding a +2 scimitar of holy wrath
              (5 damage)
             ... on level 9 of the Dungeon on May 2, 2019.
             The game lasted 00:28:50 (7623 turns).

SedStubbie the Fighter (Mummy Wanderer)             Turns: 7623, Time: 00:28:51

Health: -1/75      AC:  0    Str: 18    XL:     9   Next: 31%
Magic:  0/9        EV: 11    Int: 11    God:    Gozag
Gold:   875        SH:  5    Dex: 12    Spells: 8/8 levels left

rFire    x . .     SeeInvis .   a - +2 blowgun
rCold    + + .     Gourm    .   f - +0 buckler
rNeg     + + +     Faith    .   c - +0 ring mail
rPois    ∞         Spirit   +   k - +0 helmet
rElec    .         Reflect  .   p - +0 cloak
rCorr    .         Harm     .   (no gloves)
MR       +....                  (no boots)
Stlth    +.........             l - amulet of guardian spirit
HPRegen  0.22/turn              j - ring of protection from cold
MPRegen  0.11/turn              (no ring)

@: about to teleport, corroded
A: no food or potions, fire vulnerability, cold resistance 1, negative energy
resistance 3, torment resistance, unbreathing
a: Potion Petition, Call Merchant, Bribe Branch, Renounce Religion


You were on level 9 of the Dungeon.
You worshipped Gozag.
Gozag was pleased with you.
You were not hungry.

You visited 1 branch of the dungeon, and saw 7 of its levels.
You also visited: Ossuary.

You collected 916 gold pieces.
You paid 41 gold pieces to Gozag.

Inventory:

Hand Weapons
 a - a +2 blowgun (weapon)
 e - a +1 mace
 h - a +2 dagger of venom
 m - a +2 scimitar of distortion
Missiles
 b - 2 curare-tipped needles
 g - 2 poisoned needles (quivered)
 r - 4 tomahawks
 s - 3 needles of sleeping
Armour
 c - a +0 ring mail (worn)
 f - a +0 buckler (worn)
 k - a +0 helmet (worn)
 p - a +0 cloak (worn)
Jewellery
 i - an uncursed ring of teleportation
 j - a ring of protection from cold (left hand)
 l - an amulet of guardian spirit (around neck)
Wands
 q - a wand of enslavement (3)
Scrolls
 d - a scroll of teleportation
 n - a scroll of enchant weapon
 o - 5 scrolls of identify
 t - 2 scrolls of remove curse


   Skills:
 + Level 8.5 Fighting
   Level 1.5 Staves
 - Level 1.5 Throwing
 + Level 5.9 Armour
 - Level 1.5 Dodging
 + Level 5.9 Shields


You had 8 spell levels left.
You didn't know any spells.
Your spell library contained the following spells:

 Spells                   Type           Power        Failure   Level  Hunger
 Recall                   Summ/Tloc      N/A          87%         3    N/A
 Animate Dead             Necr           N/A          99%         4    N/A
 Borgnjor's Vile Clutch   Necr/Erth      #.........   100%        5    N/A
 Death Channel            Necr           #.........   100%        6    N/A
 Simulacrum               Ice/Necr       #.........   100%        6    N/A

Dungeon Overview and Level Annotations

Branches:
Dungeon (6/15)             Temple (0/1) D:6

Altars:
Gozag
Zin

Shops:
D:5 *   D:6 [   D:9 (


Innate Abilities, Weirdness & Mutations

You do not eat or drink.
Your flesh is vulnerable to fire.
You are immune to poison.
Your flesh is cold resistant. (rC+)
You are immune to negative energy. (rN+++)
You are immune to unholy pain and torment.
You can survive without breathing.


Message History

The poisoned needle closely misses the orc warrior.
The orc closely misses you.
The orc warrior hits you with a +2 scimitar of holy wrath!
* * * LOW HITPOINT WARNING * * *
You convulse!
* * * LOW HITPOINT WARNING * * *
Firing (i - inventory. (/) - cycle)
g - 3 poisoned needles (quivered)
Press: ? - help, Shift-Dir - straight line, f/p - orc warrior
Aim: an orc warrior, wielding a +2 scimitar of holy wrath and wearing a +0 plate armour (lightly wounded, poisoned)
You shoot a poisoned needle.
The poisoned needle hits the orc warrior.
The orc warrior looks even sicker.
The orc warrior is lightly wounded.
The orc hits you with a +0 hand axe.
* * * LOW HITPOINT WARNING * * *
The orc warrior hits you with a +2 scimitar of holy wrath!
* * * LOW HITPOINT WARNING * * *
You convulse.
You die...
Your body crumbles into a pile of gold.

#........#
#........#
#.$......+Z...#
#..o.....#....#
...# #..o.....#
...# ....#
#..oo....# ..#
....# #...oo...#
#.# ....###
...########.
#.###.....# ..
......#(o@#.....#
.
......#.$o#.....#
.....((...'.....#
......#...#.....#
......#...#.....#
..... #.$.#.....#
##...
#.###.....##'
#......#..
#.#..........
#......'..
..#..........


You could see an orc warrior and an orc.

Vanquished Creatures
  A troll (D:9)
  Grinder (D:6)
  Sigmund (D:3)
  Duvessa (D:6)
  An ogre (D:5)
  A sky beast (D:5)
  2 phantoms
  2 bullfrogs (D:6)
  Dowan (D:6)
  4 water moccasin zombies (Ossuary)
  A scorpion (D:4)
  5 killer bees (D:4)
  A quasit (D:5)
  2 hounds
  A jelly (D:9)
  3 orc wizards (D:6)
  Crazy Yiuf (D:3)
  2 orc priests (D:4)
  2 iguanas (D:5)
  5 worker ants
  3 big kobold zombies (Ossuary)
  2 hound skeletons
  2 mummies (Ossuary)
  Robin (D:2)
  A howler monkey skeleton (D:5)
  7 adders
  2 shadow imps (D:6)
  2 oozes
  7 adder zombies (Ossuary)
  An adder skeleton (D:6)
  A worm (D:2)
  3 dart slugs
  5 leopard geckos
  21 orcs
  5 bats
  3 giant cockroaches
  2 gnoll zombies (Ossuary)
  14 goblins
  9 hobgoblins
  14 jackals
  6 kobolds
  5 quokkas
  6 frilled lizards
  6 hobgoblin zombies (Ossuary)
  4 kobold zombies (Ossuary)
  6 orc zombies (Ossuary)
  5 rats
181 creatures vanquished.

Notes
Turn   | Place    | Note
-------+----------+-------------------------------------------
     0 | D:1      | SedStubbie the Mummy Wanderer began the quest for the Orb.
     0 | D:1      | SedStubbie set off with the following items: a +2 blowgun,
                  | 4 curare-tipped needles, a +0 ring mail, a scroll of
                  | teleportation
     0 | D:1      | Reached XP level 1. HP: 19/19 MP: 1/1
   263 | D:1      | Reached XP level 2. HP: 21/26 MP: 2/2
   854 | D:2      | Noticed Robin
   976 | D:2      | Reached XP level 3. HP: 31/31 MP: 3/3
  1000 | D:2      | Reached skill level 1 in Armour
  1000 | D:2      | Reached skill level 1 in Shields
  1309 | D:2      | Reached XP level 4. HP: 19/38 MP: 4/4
  1651 | D:2      | Killed Robin
  1846 | D:2      | Reached skill level 5 in Fighting
  2231 | D:3      | Found a glowing silver altar of Zin.
  2362 | D:3      | Reached XP level 5. HP: 41/44 MP: 3/5
  2384 | D:3      | Found an opulent altar of Gozag.
  2387 | D:3      | Noticed Sigmund
  2392 | D:3      | Became a worshipper of Gozag Ym Sagoz the Greedy
  2851 | D:4      | Reached XP level 6. HP: 39/51 MP: 3/6
  3458 | D:3      | Found a runed translucent door.
  3459 | D:3      | Noticed Crazy Yiuf
  3469 | D:3      | Killed Crazy Yiuf
  3469 | D:3      | Reached skill level 6 in Fighting
  3551 | D:3      | Killed Sigmund
  3551 | D:3      | Reached XP level 7. HP: 57/58 MP: 7/7
  4451 | D:5      | Entered Level 5 of the Dungeon
  4558 | D:5      | Found Gubu's Assorted Antiques.
  4602 | D:5      | Found a sand-covered staircase.
  4607 | Ossuary  | Entered an ossuary
  5071 | Ossuary  | Reached XP level 8. HP: 62/65 MP: 8/8
  5174 | Ossuary  | Reached skill level 7 in Fighting
  5352 | Ossuary  | HP: 2/67 [mummy (12)]
  6600 | D:6      | Reached skill level 5 in Shields
  6613 | D:6      | Noticed Grinder
  6634 | D:6      | Killed Grinder
  6634 | D:6      | Reached skill level 5 in Armour
  6694 | D:6      | Reached skill level 8 in Fighting
  6855 | D:6      | Found a staircase to the Ecumenical Temple.
  6878 | D:6      | Found Meath's Antique Armour Shop.
  6982 | D:6      | Noticed Dowan
  6991 | D:6      | Reached XP level 9. HP: 60/74 MP: 7/9
  6993 | D:6      | Noticed Duvessa
  7169 | D:6      | Killed Duvessa
  7186 | D:6      | Killed Dowan
  7286 | D:6      | You fall through a shaft for 3 floors!
  7304 | D:9      | Found Veosofo's Weapon Emporium.
  7312 | D:9      | Noticed a troll
  7342 | D:9      | Killed a troll
  7623 | D:9      | Slain by an orc warrior

Skill      XL: |  1  2  3  4  5  6  7  8 |
---------------+-------------------------+-----
Armour         | 1 2 3 4 5 |  5.9
Shields        | 1 2 3 4 5 |  5.9
Fighting       | 5 6 8 |  8.5
Staves         | |  1.5
Throwing       | |  1.5
Dodging        | |  1.5

Action                   |  1- 3 |  4- 6 |  7- 9 || total
-------------------------+-------+-------+-------++-------
Melee: Mace              |    55 |       |       ||    55
       Dagger            |    41 |   202 |   631 ||   874
 Fire: Blowgun           |       |       |    34 ||    34
Throw: Tomahawk          |       |       |    11 ||    11
Evoke: Wand              |       |       |     1 ||     1
  Use: Scroll            |     4 |     3 |     5 ||    12
 Stab: Distracted        |       |       |     3 ||     3
Armor: Ring mail         |    35 |    78 |   195 ||   308
Dodge: Dodged            |    54 |   132 |   268 ||   454
Block: Buckler           |       |       |   116 ||   116
